CAL (WIN)
BAKERSFIELD BLAZE @ VISALIA RAWHIDE
12/06/2044
 
TOP OF THE 1ST
Bakersfield Blaze batting - Pitching for Visalia Rawhide : RHP Aaron Saenz
Pitching: RHP Aaron Saenz
Batting: RHB Kikuo Sato 0-0: Foul Ball, location: 2F
0-1: Ball
1-1: Foul Ball, location: 2F
1-2: Ball
2-2: Ball
3-2: Foul Ball, location: 2F
3-2: Base on Balls
Batting: RHB John Peterson 0-0: Called Strike
0-1: Swinging Strike
0-2: Foul Ball, location: 2F
0-2: Ball
1-2: Fielders Choice at 2nd, 6-4 (Groundball, 56, EV 99.4 MPH)
Batting: RHB Josh Ruhl 0-0: Called Strike
0-1: Ground out 5-3 (Groundball, 56S, EV 68.8 MPH)
John Peterson to second
Batting: LHB Jason Hopkins 0-0: Swinging Strike
0-1: Ball
1-1: Ground out 4-3 (Groundball, 4, EV 80.0 MPH)
Top of the 1st over - 0 runs, 0 hits, 0 errors, 1 left on base; Bakersfield 0 - Visalia 0
BOTTOM OF THE 1ST
Visalia Rawhide batting - Pitching for Bakersfield Blaze : RHP Kyle Ridgeway
Pitching: RHP Kyle Ridgeway
Batting: LHB Willie Gutierrez 0-0: Ball
1-0: Foul Ball, location: 2F
1-1: Foul Ball, location: 2F
1-2: Fly out, F7 (Flyball, 7S, EV 88.8 MPH)
Batting: LHB Kevin Ferguson 0-0: Ball
1-0: Fly out, F8 (Flyball, 8RD, EV 92.5 MPH)
Batting: RHB Dave Vargas 0-0: Ball
1-0: Called Strike
1-1: Swinging Strike
1-2: Ground out 4-3 (Groundball, 4, EV 103.8 MPH)
Bottom of the 1st over - 0 runs, 0 hits, 0 errors, 0 left on base; Bakersfield 0 - Visalia 0
TOP OF THE 2ND
Bakersfield Blaze batting - Pitching for Visalia Rawhide : RHP Aaron Saenz
Batting: LHB Jawad Fahad 0-0: Foul Ball, location: 2F
0-1: Ball
1-1: Hit by Pitch
Batting: RHB Clay Statum 0-0: SINGLE (Groundball, 6MD, EV 103.8 MPH)
Jawad Fahad to second
Batting: RHB Micah Roth 0-0: Swinging Strike
0-1: Swinging Strike
0-2: Ball
1-2: Foul Ball, location: 2F
1-2: Fly out, F8 (Flyball, 8RM, EV 80.0 MPH)
Batting: RHB Jesus Torres 0-0: Called Strike
0-1: Called Strike
0-2: Ball
1-2: Strikes out swinging
Batting: SHB Victor Rijos 0-0: Foul Ball, location: 2F
0-1: Called Strike
0-2: Strikes out swinging
Top of the 2nd over - 0 runs, 1 hit, 0 errors, 2 left on base; Bakersfield 0 - Visalia 0
BOTTOM OF THE 2ND
Visalia Rawhide batting - Pitching for Bakersfield Blaze : RHP Kyle Ridgeway
Batting: RHB Marlon Reda 0-0: DOUBLE (Line Drive, 78M, EV 92.5 MPH)
Batting: LHB Soo-yeon Kym 0-0: Fly out, F7 (Flyball, 7D, EV 87.5 MPH)
Batting: RHB Edgar Garcia 0-0: Ball
1-0: Called Strike
1-1: Ball
2-1: Ball
3-1: Base on Balls
Batting: RHB Curt Barrett 0-0: Ball
1-0: Ball
2-0: Ball
3-0: Called Strike
3-1: Grounds into double play, 1-4-3 (Groundball, 15S, EV 74.4 MPH)
Bottom of the 2nd over - 0 runs, 1 hit, 0 errors, 1 left on base; Bakersfield 0 - Visalia 0
TOP OF THE 3RD
Bakersfield Blaze batting - Pitching for Visalia Rawhide : RHP Aaron Saenz
Batting: RHB Kikuo Sato 0-0: Swinging Strike
0-1: SINGLE (Groundball, 6MD, EV 106.2 MPH)
Batting: RHB John Peterson 0-0: Ball
1-0: Ball
2-0: Foul Ball, location: 2F
2-1: SINGLE (Groundball, 56S, EV 64.4 MPH) (infield hit)
Kikuo Sato to second
Batting: RHB Josh Ruhl 0-0: Ball
1-0: Ball
2-0: Ball
3-0: Base on Balls
Kikuo Sato to third
John Peterson to second
Batting: LHB Jason Hopkins 0-0: Ball
1-0: Called Strike
1-1: Ball
2-1: Foul Ball, location: 2F
2-2: Ball
3-2: Fly out, F7 (Line Drive, 7, EV 96.9 MPH)
Runner from 3rd tags up, SCORES, no throw by LF
Batting: LHB Jawad Fahad 0-0: Ball
John Peterson is caught stealing 3rd base 2-5
1-0: Called Strike
1-1: Fly out, F7 (Line Drive, 7, EV 89.4 MPH)
Top of the 3rd over - 1 run, 2 hits, 0 errors, 1 left on base; Bakersfield 1 - Visalia 0
BOTTOM OF THE 3RD
Visalia Rawhide batting - Pitching for Bakersfield Blaze : RHP Kyle Ridgeway
Batting: RHB Mike Swift 0-0: Ball
1-0: Foul Ball, location: 2F
1-1: Swinging Strike
1-2: Ball
2-2: Ball
3-2: Foul Ball, location: 2F
3-2: Strikes out swinging
Batting: RHB Josh Burrows 0-0: Called Strike
0-1: Ball
1-1: Called Strike
1-2: Ball
2-2: Ball
3-2: Base on Balls
Batting: LHB Willie Gutierrez 0-0: Fly out, F3 (Popup, 3F, EV 72.5 MPH)
Batting: LHB Kevin Ferguson 0-0: Ball
1-0: Called Strike
1-1: Ball
2-1: Swinging Strike
2-2: Strikes out swinging
Bottom of the 3rd over - 0 runs, 0 hits, 0 errors, 1 left on base; Bakersfield 1 - Visalia 0
TOP OF THE 4TH
Bakersfield Blaze batting - Pitching for Visalia Rawhide : RHP Aaron Saenz
Batting: RHB Clay Statum 0-0: Ball
1-0: Called Strike
1-1: Foul Ball, location: 2F
1-2: DOUBLE (Line Drive, 8LXD, EV 100.6 MPH) - OUT at third base trying to stretch hit.
Batting: RHB Micah Roth 0-0: Called Strike
0-1: Ball
1-1: Foul Ball, location: 2F
1-2: Foul Ball, location: 2F
1-2: Strikes out swinging
Batting: RHB Jesus Torres 0-0: Foul Ball, location: 2F
0-1: Ball
1-1: Ball
2-1: Ball
3-1: Ground out U3 (Groundball, 34S, EV 83.1 MPH)
Top of the 4th over - 0 runs, 1 hit, 0 errors, 0 left on base; Bakersfield 1 - Visalia 0
BOTTOM OF THE 4TH
Visalia Rawhide batting - Pitching for Bakersfield Blaze : RHP Kyle Ridgeway
Batting: RHB Dave Vargas 0-0: SOLO HOME RUN (Flyball, 8RXD, EV 101.2 MPH), Distance : 421 ft
Batting: RHB Marlon Reda 0-0: Called Strike
0-1: SOLO HOME RUN (Flyball, 7D, EV 96.9 MPH), Distance : 360 ft
Batting: LHB Soo-yeon Kym 0-0: Ball
1-0: Foul Ball, location: 2F
1-1: Ball
2-1: Ball
3-1: Base on Balls
Batting: RHB Edgar Garcia 0-0: Ball
1-0: Ball
2-0: Fly out, F9 (Line Drive, 9S, EV 91.9 MPH)
Batting: RHB Curt Barrett 0-0: Ball
1-0: Ball
2-0: Ball
3-0: Called Strike
3-1: Foul Ball, location: 2F
3-2: Foul Ball, location: 2F
3-2: Strikes out swinging
Batting: RHB Mike Swift 0-0: Fly out, F7 (Flyball, 7LD, EV 92.5 MPH)
Bottom of the 4th over - 2 runs, 2 hits, 0 errors, 1 left on base; Bakersfield 1 - Visalia 2
TOP OF THE 5TH
Bakersfield Blaze batting - Pitching for Visalia Rawhide : RHP Aaron Saenz
Batting: SHB Victor Rijos 0-0: Called Strike
0-1: Ball
1-1: Ground out 4-3 (Groundball, 34, EV 101.9 MPH)
Batting: RHB Kikuo Sato 0-0: Called Strike
0-1: Ball
1-1: Ball
2-1: Ball
3-1: Fly out, F6 (Line Drive, 6, EV 63.1 MPH)
Pitching: LHP Rene Eenkhoorn
Batting: RHB John Peterson 0-0: Foul Ball, location: 2F
0-1: Called Strike
0-2: Ball
1-2: Strikes out swinging
Top of the 5th over - 0 runs, 0 hits, 0 errors, 0 left on base; Bakersfield 1 - Visalia 2
BOTTOM OF THE 5TH
Visalia Rawhide batting - Pitching for Bakersfield Blaze : RHP Kyle Ridgeway
Batting: RHB Josh Burrows 0-0: Ball
1-0: Swinging Strike
1-1: Swinging Strike
1-2: Strikes out swinging
Batting: LHB Willie Gutierrez 0-0: Ball
1-0: Ball
2-0: Called Strike
2-1: Swinging Strike
2-2: Foul Ball, location: 2F
2-2: Strikes out looking
Batting: LHB Kevin Ferguson 0-0: Ball
1-0: Ball
2-0: Ball
3-0: Called Strike
3-1: Called Strike
3-2: Foul Ball, location: 2F
3-2: Foul Ball, location: 2F
3-2: Strikes out swinging
Bottom of the 5th over - 0 runs, 0 hits, 0 errors, 0 left on base; Bakersfield 1 - Visalia 2
TOP OF THE 6TH
Bakersfield Blaze batting - Pitching for Visalia Rawhide : LHP Rene Eenkhoorn
Batting: RHB Josh Ruhl 0-0: Ball
1-0: Ball
2-0: Called Strike
2-1: Foul Ball, location: 2F
2-2: Foul Ball, location: 2F
2-2: Ball
3-2: Strikes out swinging
Batting: LHB Jason Hopkins 0-0: Called Strike
0-1: Ball
1-1: Foul Ball, location: 2F
1-2: Foul Ball, location: 2F
1-2: Strikes out swinging
Batting: LHB Jawad Fahad 0-0: SINGLE (Groundball, 4MD, EV 96.9 MPH)
Batting: RHB Clay Statum 0-0: Ball
1-0: Ball
2-0: Foul Ball, location: 2F
2-1: Ball
3-1: Fly out, F7 (Flyball, 7D, EV 80.0 MPH)
Top of the 6th over - 0 runs, 1 hit, 0 errors, 1 left on base; Bakersfield 1 - Visalia 2
BOTTOM OF THE 6TH
Visalia Rawhide batting - Pitching for Bakersfield Blaze : RHP Kyle Ridgeway
Batting: RHB Dave Vargas 0-0: Called Strike
0-1: Ball
1-1: Ball
2-1: Foul Ball, location: 2F
2-2: Ball
3-2: Foul Ball, location: 2F
3-2: Foul Ball, location: 2F
3-2: Base on Balls
Pitching: RHP Willie Sanchez
Batting: RHB Marlon Reda 0-0: Ball
1-0: Called Strike
Dave Vargas steals 2nd base
1-1: Ball
2-1: Ball
3-1: SINGLE (Line Drive, 3D, EV 105.0 MPH)
Dave Vargas to third
Runner from 3rd tries for Home, throw by RF and OUT! 9-2
Batting: LHB Soo-yeon Kym 0-0: SINGLE (Line Drive, 8LS, EV 93.8 MPH)
Marlon Reda to second
Runner from 2nd tries for 3rd, SAFE, throw by CF made to third
Batting: RHB Edgar Garcia 0-0: Ball
1-0: Called Strike
1-1: Foul Ball, location: 2F
1-2: Foul Ball, location: 2F
1-2: Ball
2-2: Ball
3-2: Hit by Pitch
Soo-yeon Kym to second
Batting: RHB Curt Barrett 0-0: Ball
1-0: Fly out, F9 (Flyball, 9S, EV 91.2 MPH)
Batting: RHB Mike Swift 0-0: Called Strike
0-1: Ball
1-1: Called Strike
1-2: Strikes out swinging
Bottom of the 6th over - 0 runs, 2 hits, 0 errors, 3 left on base; Bakersfield 1 - Visalia 2
TOP OF THE 7TH
Bakersfield Blaze batting - Pitching for Visalia Rawhide : LHP Rene Eenkhoorn
Pitching: RHP Dan Thompson
Pinch Hitting: LHB Omar Colunga 0-0: Ground out 5-3 (Groundball, 5, EV 80.6 MPH)
Pinch Hitting: SHB Ray Skogen 0-0: Ball
1-0: Ball
2-0: Ball
3-0: Called Strike
3-1: Fly out, F7 (Flyball, 78D, EV 90.6 MPH)
Batting: SHB Victor Rijos 0-0: Ball
1-0: Called Strike
1-1: Called Strike
1-2: Ball
2-2: Foul Ball, location: 2F
2-2: Foul Ball, location: 2F
2-2: Ball
3-2: Base on Balls
Batting: RHB Kikuo Sato 0-0: Called Strike
0-1: Ball
1-1: Ball
2-1: Swinging Strike
2-2: Ball
Wild Pitch!
Victor Rijos to second
3-2: Ground out 4-3 (Groundball, 4, EV 88.1 MPH)
Top of the 7th over - 0 runs, 0 hits, 0 errors, 1 left on base; Bakersfield 1 - Visalia 2
BOTTOM OF THE 7TH
Visalia Rawhide batting - Pitching for Bakersfield Blaze : RHP Willie Sanchez
Pitching: RHP David Lane
Now at 3B: Omar Colunga
Now in LF: Ray Skogen
Batting: LHB Josh Gottlieb 0-0: Ball
1-0: Ball
2-0: Foul Ball, location: 2F
2-1: SINGLE (Line Drive, 4D, EV 103.1 MPH)
Batting: LHB Willie Gutierrez 0-0: Ball
1-0: Ball
2-0: Called Strike
2-1: Swinging Strike
2-2: Foul Ball, location: 2F
2-2: Ball
3-2: Foul Ball, location: 2F
3-2: Single, Error in OF, E9, batter to second base (Groundball, 34D, EV 104.4 MPH)
Josh Gottlieb to third
Batting: LHB Kevin Ferguson 0-0: Ball
1-0: Ball
2-0: Ball
3-0: Called Strike
3-1: Ground out 5-3 (Groundball, 5S, EV 89.4 MPH)
Batting: RHB Dave Vargas 0-0: Swinging Strike
0-1: Ball
1-1: Foul Ball, location: 2F
1-2: Ball
2-2: Ground out 6-3 (Groundball, 6, EV 100.6 MPH)
Batting: RHB Marlon Reda 0-0: Called Strike
0-1: Foul Ball, location: 2F
0-2: Foul Ball, location: 2F
0-2: Strikes out swinging
Bottom of the 7th over - 0 runs, 2 hits, 1 error, 2 left on base; Bakersfield 1 - Visalia 2
TOP OF THE 8TH
Bakersfield Blaze batting - Pitching for Visalia Rawhide : RHP Dan Thompson
Pitching: RHP Ming-feng Pi
Batting: RHB John Peterson 0-0: Called Strike
0-1: Called Strike
0-2: Strikes out swinging
Batting: RHB Josh Ruhl 0-0: Foul Ball, location: 2F
0-1: Ball
1-1: Ball
2-1: Ball
3-1: Called Strike
3-2: Ground out 5-3 (Groundball, 56, EV 86.9 MPH)
Batting: LHB Jason Hopkins 0-0: Called Strike
0-1: Ball
1-1: Swinging Strike
1-2: Ball
2-2: Fly out, F2 (Popup, 2LF, EV 98.1 MPH)
Top of the 8th over - 0 runs, 0 hits, 0 errors, 0 left on base; Bakersfield 1 - Visalia 2
BOTTOM OF THE 8TH
Visalia Rawhide batting - Pitching for Bakersfield Blaze : RHP David Lane
Pitching: RHP Adam Fair
Batting: LHB Soo-yeon Kym 0-0: Ball
1-0: Ball
2-0: Ball
3-0: Base on Balls
Batting: RHB Edgar Garcia 0-0: Sac Bunt to 2R - play at first, batter OUT! 2-4
Soo-yeon Kym to second
Batting: RHB Curt Barrett 0-0: Ball
1-0: Called Strike
1-1: Ground out 2-3 (Groundball, 13S, EV 70.6 MPH)
Soo-yeon Kym to third
Batting: RHB Mike Swift 0-0: Swinging Strike
0-1: Foul Ball, location: 2F
0-2: Ball
1-2: Ball
2-2: Foul Ball, location: 2F
2-2: Strikes out swinging
Bottom of the 8th over - 0 runs, 0 hits, 0 errors, 1 left on base; Bakersfield 1 - Visalia 2
TOP OF THE 9TH
Bakersfield Blaze batting - Pitching for Visalia Rawhide : RHP Ming-feng Pi
Batting: LHB Jawad Fahad 0-0: Ball
1-0: Ball
2-0: Foul Ball, location: 2F
2-1: Ball
3-1: Ground out 5-3 (Groundball, 5, EV 109.4 MPH)
Pinch Hitting: SHB Jose Castillo 0-0: Ball
1-0: Ball
2-0: Called Strike
2-1: Ball
3-1: Fly out, F8 (Line Drive, 8RD, EV 97.5 MPH)
Batting: LHB Omar Colunga 0-0: Ball
1-0: Ball
2-0: Foul Ball, location: 2F
2-1: Called Strike
2-2: Strikes out swinging
Top of the 9th over - 0 runs, 0 hits, 0 errors, 0 left on base; Bakersfield 1 - Visalia 2
Thursday, March 31st , 2022 - OOTP Baseball 22.12 Build 89